 Dungeon Sprint DCSS version 0.26-a0-652-gafc20e3620 (webtiles) character file.

Game seed: 9993027204902060734

37364 mhtbhm the Peltast (level 14, -3/133 HPs)
             Began as a Formicid Fighter on Oct 4, 2020.
             Was the Champion of Okawaru.
             Slain by a 17-headed hydra (6 damage)
             ... in the Dungeon (Sprint IX: "|||||||||||||||||||||||||||||").
             The game lasted 00:15:14 (5131 turns).

mhtbhm the Peltast (Formicid Fighter)               Turns: 5131, Time: 00:15:15

Health: -3/133     AC: 19    Str: 31    XL:     14   Next: 28%
Magic:  16/16      EV: 16    Int:  9    God:    Okawaru [******]
Gold:   115        SH: 19    Dex: 13    Spells: 13/13 levels left

rFire    . . .     SeeInvis +   a - +4 lajatang "Ziowka" {vamp, +Fly Str+6}
rCold    + . .     Faith    .   c - +2 kite shield of the Past {-Cast rF- rN+++ Stlth+}
rNeg     + + +     Spirit   .   k - +4 scale mail {rC+}
rPois    .         Reflect  .   (helmet unavailable)
rElec    .         Harm     .   j - scarf {+Inv}
rCorr    .         Rampage  .   w - +1 pair of gloves {Dex+3}
MR       +....     NoCast   +   n - +1 pair of boots
Stlth    ++++......             (no amulet)
HPRegen  0.32/turn              m - +2 ring of evasion
MPRegen  0.15/turn              A - ring of protection from fire

@: no status effects
A: permanent stasis, dig shafts and tunnels, four strong arms, antennae 3
a: Dig, Heroism, Finesse, Renounce Religion, Evoke Invisibility, Evoke Flight


You were in the Dungeon.
You worshipped Okawaru.
Okawaru was exalted by your worship.
You visited 1 branch You collected 1927 gold pieces.
You spent 1812 gold pieces at shops.

Inventory:

Hand Weapons
 a - the +4 lajatang "Ziowka" (weapon) {vamp, +Fly Str+6}
   (Okawaru gifted it to you in the Dungeon)

   It inflicts no extra harm, but heals its wielder when it wounds a living foe.
   It affects your strength (+6).
   It lets you fly.
Armour
 b - a +4 plate armour of magic resistance (quivered)
 c - the +2 kite shield of the Past (worn) {-Cast rF- rN+++ Stlth+}
   (You found it in the Dungeon)

   It makes you vulnerable to fire.
   It renders you almost immune to negative energy.
   It prevents spellcasting.
   It makes you more stealthy.
 j - a scarf of invisibility (worn)
 k - a +4 scale mail of cold resistance (worn)
 n - a +1 pair of boots (worn)
 s - a +1 cloak of magic resistance
 t - a +4 chain mail of fire resistance
 w - a +1 pair of gloves of dexterity (worn)
Jewellery
 m - a +2 ring of evasion (left hand)
 z - an uncursed ring of protection from magic
 A - a ring of protection from fire (right hand)
Wands
 d - a wand of enslavement (8)
Scrolls
 h - 6 scrolls of remove curse
 i - 2 scrolls of amnesia
 o - 4 scrolls of enchant armour
 p - 2 scrolls of fog
 r - 3 scrolls of enchant weapon
 u - a scroll of magic mapping {unknown}
 y - 2 scrolls of identify
Potions
 e - 4 potions of curing
 f - a potion of heal wounds
 g - 4 potions of magic
 l - a potion of brilliance
 x - 2 potions of mutation


   Skills:
 + Level 19.4 Fighting
 + Level 19.4 Staves
 + Level 14.1 Armour
 + Level 7.2 Dodging
 + Level 11.4 Stealth
 + Level 19.5 Shields
 + Level 3.7 Invocations
 + Level 5.2 Evocations


You had 13 spell levels left.
You didn't know any spells.
Your spell library was empty.

Dungeon Overview and Level Annotations

Branches:
Dungeon (1/1)

Altars:
Cheibriados
Dithmenos
Elyvilon
Fedhas
Gozag
Hepliaklqana
Kikubaaqudgha
Makhleb
Nemelex Xobeh
Okawaru
Qazlal
Ru
Sif Muna
Trog
Uskayaw
Vehumet
Wu Jian
Xom
Yredelemnul
Zin
The Shining One
Beogh
Jiyva
Lugonu

Shops:
D (:*[


Innate Abilities, Weirdness & Mutations

You cannot be hasted, slowed, berserked, paralysed or teleported.
You can dig through walls and to a lower floor.
Your four strong arms can wield two-handed weapons with a shield.
You have a pair of large antennae on your head. (SInv)


Message History

* * * LOW HITPOINT WARNING * * *
The 17-headed hydra barely misses you. The 17-headed hydra bites you!
* * * LOW HITPOINT WARNING * * *
The 17-headed hydra closely misses you.
The spriggan rider hits the seven-headed hydra with a +0 spear!
You feel much better.
The 17-headed hydra bites you but does no damage.
The 17-headed hydra bites you!
* * * LOW HITPOINT WARNING * * *
You block the 17-headed hydra's attack. x2
The 17-headed hydra bites you but does no damage.
The 17-headed hydra bites you!
* * * LOW HITPOINT WARNING * * *
You block the 17-headed hydra's attack. x2
The 17-headed hydra bites you but does no damage.
The 17-headed hydra bites you.
* * * LOW HITPOINT WARNING * * *
The 17-headed hydra bites you but does no damage. x4
The 17-headed hydra bites you.
You die...

{
♣°♣.▓(▓)▓)▓.▓!▓.▓)
{
♣†♣.▓)▓)▓∩▓.▓.▓.▓.
{
{♣.♣.▓.▓.▓.▓.▓.▓.▓.
{
♣.♣.▓(▓.▓∩▓.▓.▓.▓[
{
{♣.♣.▓[▓.▓[▓.▓.▓.▓.
{
♣D♣.▓(▓.▓∩▓.▓.▓.▓.
{
♣i♣.▓)▓.▓)▓.▓.▓.▓.
{
▓D▓.▓.▓.▓)▓.▓.▓.▓)
{
▓@▓.▓)▓.▓)▓.▓.▓.▓?
{
▓.▓.▓'▓.▓)▓.▓†▓.▓.
{
▓.▓.▓.▓.▓)▓.▓†▓.▓'
{
▓(▓.▓.▓.▓'▓.▓.▓.▓_
{
▓)▓.▓(▓.▓.▓.▓.▓.▓_
{
▓(▓.▓.▓.▓.▓.▓.▓.▓_
{
▓)▓.▓.▓.▓.▓.▓.▓.▓_
▓(▓.▓.▓.▓)▓.▓.▓.▓_
{
▓'▓.▓.▓.▓)▓.▓÷▓.▓_


You could see a 17-headed hydra, a seven-headed hydra and a spriggan rider
(confused).

Vanquished Creatures
  Saint Roka (D)
  Donald (D)
  A nagaraja (D)
  3 stone giants (D)
  Josephine (D)
  A great orb of eyes (D)
  2 merfolk impalers (D)
  A naga warrior (D)
  A hydra (D)
  A centaur warrior (D)
  A two-headed ogre (D)
  2 tengu warriors (D)
  A deep troll shaman (D)
  A satyr (D)
  A naga sharpshooter (D)
  2 orc high priests (D)
  A salamander mystic (D)
  2 orc knights (D)
  A harpy (D)
  A swamp dragon (D)
  A deep elf mage (D)
  6 orc sorcerers (D)
  2 wolf spiders (D)
  2 orb spiders (D)
  2 manticores (D)
  A cyclops (D)
  A salamander (D)
  Psyche (D)
  Maurice (D)
  2 black mambas (D)
  2 gargoyles (D)
  A naga mage (D)
  4 cane toads (D)
  2 komodo dragons (D)
  A demonic crawler (D)
  A merfolk (D)
  3 jumping spiders (D)
  A troll (D)
  A blink frog (D)
  A snapping turtle (D)
  3 hippogriffs (D)
  A tarantella (D)
  3 wraiths (D)
  A yak (D)
  A hog (shapeshifter) (D)
  2 vampire mosquitoes (D)
  A naga (D)
  3 water moccasins (D)
  2 porcupines (D)
  13 orc warriors (D)
  A sky beast (D)
  2 ogres (D)
  2 crocodiles (D)
  A centaur (D)
  9 bullfrogs (D)
  A jelly (D)
  4 orc priests (D)
  A worker ant (D)
  10 orc wizards (D)
  An adder (D)
  A shadow imp (D)
  An adder zombie (D)
  A leopard gecko (D)
  8 orcs (D)
  A ball python (D)
  A bat skeleton (D)
  2 quokkas (D)
  A ball python zombie (D)
  2 bats (D)
  A leopard gecko zombie (D)
  2 rats (D)
145 creatures vanquished.

Vanquished Creatures (others)
  A cane toad (D)
  A swamp drake (D)
2 creatures vanquished.

Grand Total: 147 creatures vanquished

Notes
Turn   | Place    | Note
-------+----------+-------------------------------------------
     0 | D        | mhtbhm the Formicid Fighter began the quest for the Orb.
     0 | D        | Reached XP level 1. HP: 18/18 MP: 1/1
   225 | D        | Noticed a centaur
   225 | D        | Noticed a worker ant
   237 | D        | Killed a worker ant
   237 | D        | Reached skill level 5 in Shields
   237 | D        | Reached XP level 2. HP: 24/26 MP: 2/2
   237 | D        | Reached XP level 3. HP: 28/31 MP: 3/3
   242 | D        | Killed a centaur
   242 | D        | Reached skill level 5 in Staves
   242 | D        | Reached skill level 5 in Armour
   242 | D        | Reached XP level 4. HP: 35/40 MP: 4/4
   242 | D        | Reached XP level 5. HP: 40/46 MP: 5/5
   266 | D        | Found a roughly hewn altar of Beogh.
   266 | D        | Found a snail-covered altar of Cheibriados.
   266 | D        | Found a shadowy altar of Dithmenos.
   266 | D        | Found a white marble altar of Elyvilon.
   266 | D        | Found a blossoming altar of Fedhas.
   266 | D        | Found an opulent altar of Gozag.
   267 | D        | Found a hazy altar of Hepliaklqana.
   268 | D        | Found a viscous altar of Jiyva.
   269 | D        | Found an ancient bone altar of Kikubaaqudgha.
   270 | D        | Found a corrupted altar of Lugonu.
   271 | D        | Found a burning altar of Makhleb.
   272 | D        | Found a sparkling altar of Nemelex Xobeh.
   273 | D        | Found an iron altar of Okawaru.
   274 | D        | Found a stormy altar of Qazlal.
   275 | D        | Found a sacrificial altar of Ru.
   276 | D        | Found a shimmering blue altar of Sif Muna.
   277 | D        | Found a bloodstained altar of Trog.
   278 | D        | Found a hide-covered altar of Uskayaw.
   279 | D        | Found a radiant altar of Vehumet.
   280 | D        | Found an ornate altar of the Wu Jian Council.
   281 | D        | Became a worshipper of Warmaster Okawaru
   282 | D        | Found a shimmering altar of Xom.
   283 | D        | Found a basalt altar of Yredelemnul.
   284 | D        | Found a glowing silver altar of Zin.
   285 | D        | Found a glowing golden altar of the Shining One.
   355 | D        | Noticed a gargoyle
   355 | D        | Noticed a gargoyle
   364 | D        | Killed a gargoyle
   364 | D        | Reached * piety under Okawaru
   364 | D        | Reached skill level 1 in Dodging
   364 | D        | Reached XP level 6. HP: 34/56 MP: 6/6
   364 | D        | Reached XP level 7. HP: 38/62 MP: 7/7
   373 | D        | Killed a gargoyle
   373 | D        | Reached ** piety under Okawaru
   373 | D        | Reached skill level 10 in Shields
   373 | D        | Reached XP level 8. HP: 25/71 MP: 8/8
   740 | D        | Noticed a two-headed ogre
   740 | D        | Noticed a troll
   740 | D        | Noticed a yak
   745 | D        | Killed a yak
   745 | D        | Reached skill level 10 in Staves
   750 | D        | Killed a troll
   750 | D        | Reached skill level 1 in Evocations
   760 | D        | Killed a two-headed ogre
   760 | D        | Reached *** piety under Okawaru
   760 | D        | Reached skill level 10 in Fighting
   760 | D        | Reached XP level 9. HP: 52/79 MP: 9/9
  1086 | D        | Got the +2 kite shield of the Past {-Cast rF- rN+++ Stlth+}
  1105 | D        | Noticed a hippogriff
  1105 | D        | Noticed a cane toad
  1109 | D        | Noticed a komodo dragon
  1113 | D        | Noticed a komodo dragon
  1131 | D        | Killed a cane toad
  1131 | D        | Reached **** piety under Okawaru
  1136 | D        | Killed a hippogriff
  1142 | D        | Reached skill level 10 in Armour
  1158 | D        | Killed a komodo dragon
  1158 | D        | Reached XP level 10. HP: 18/88 MP: 7/10
  1161 | D        | HP: 1/88 [komodo dragon (16)]
  1167 | D        | HP: 1/88 [komodo dragon (19)]
  1170 | D        | Killed a komodo dragon
  1554 | D        | Reached ***** piety under Okawaru
  1563 | D        | Reached skill level 1 in Invocations
  1688 | D        | Noticed a cane toad
  1688 | D        | Noticed a cane toad
  1707 | D        | Killed a cane toad
  1707 | D        | Received a gift from Okawaru
  1710 | D        | Killed a cane toad
  1710 | D        | Reached skill level 15 in Staves
  1710 | D        | Reached skill level 1 in Stealth
  2029 | D        | Reached XP level 11. HP: 72/96 MP: 10/12
  2240 | D        | Noticed an orc knight
  2252 | D        | Noticed an orc high priest
  2270 | D        | Killed an orc knight
  2274 | D        | Noticed an orc high priest
  2320 | D        | Noticed a soul eater
  2323 | D        | Killed an orc high priest
  2328 | D        | Killed an orc high priest
  2328 | D        | Reached skill level 5 in Stealth
  2424 | D        | Found Unuythrei's Antique Armour Boutique.
  2424 | D        | Noticed an orc sorcerer
  2424 | D        | Noticed an orc sorcerer
  2425 | D        | Noticed an orc sorcerer
  2426 | D        | Noticed an orc sorcerer
  2435 | D        | Killed an orc sorcerer
  2443 | D        | Killed an orc sorcerer
  2452 | D        | Killed an orc sorcerer
  2461 | D        | Killed an orc sorcerer
  2462 | D        | Found Faej's Assorted Antiques.
  2462 | D        | Found Puir's Book Boutique.
  2462 | D        | Found Munaoc's Weapon Shop.
  2467 | D        | Noticed an orc sorcerer
  2468 | D        | Noticed an orc sorcerer
  2473 | D        | Noticed a sixfirhy
  2487 | D        | Killed an orc sorcerer
  2496 | D        | Killed an orc sorcerer
  2496 | D        | Reached skill level 15 in Shields
  2679 | D        | Bought a shiny plate armour for 676 gold pieces
  2686 | D        | Bought a scratched bone ring for 155 gold pieces
  2686 | D        | Bought a glowing chain mail for 232 gold pieces
  2686 | D        | Bought a scroll labeled ZESEGI QEATOIS for 31 gold pieces
  2686 | D        | Bought a blue potion for 27 gold pieces
  2690 | D        | Bought a pair of glowing gloves for 195 gold pieces
  2692 | D        | Bought a potion of mutation for 248 gold pieces
  2692 | D        | Bought a scroll labeled KEABOKH JAULOE for 31 gold pieces
  2744 | D        | Bought a shiny ring mail for 217 gold pieces
  2808 | D        | Noticed Josephine
  2826 | D        | Noticed Maurice
  2831 | D        | Killed Josephine
  2831 | D        | Received a gift from Okawaru
  2831 | D        | Reached XP level 12. HP: 106/108 MP: 14/14
  2853 | D        | Killed Maurice
  2853 | D        | Reached ****** piety under Okawaru
  3078 | D        | Noticed Psyche
  3085 | D        | Killed Psyche
  3085 | D        | Reached skill level 10 in Stealth
  3171 | D        | Noticed a centaur warrior
  3171 | D        | Noticed a tengu warrior
  3183 | D        | Killed a tengu warrior
  3187 | D        | Reached skill level 15 in Fighting
  3189 | D        | Noticed a deep troll shaman
  3191 | D        | Noticed a stone giant
  3201 | D        | Noticed a great orb of eyes
  3208 | D        | Killed a centaur warrior
  3209 | D        | Noticed a stone giant
  3215 | D        | Killed a deep troll shaman
  3219 | D        | Noticed a stone giant
  3221 | D        | Noticed a tengu warrior
  3235 | D        | Killed a stone giant
  3243 | D        | Killed a great orb of eyes
  3243 | D        | Reached skill level 5 in Evocations
  3254 | D        | Killed a stone giant
  3271 | D        | Killed a stone giant
  3271 | D        | Received a gift from Okawaru
  3271 | D        | Reached XP level 13. HP: 67/119 MP: 15/15
  3301 | D        | Got a faintly glowing lajatang {god gift}
  3302 | D        | Identified the +4 lajatang "Ziowka" {vamp, +Fly Str+6}
                  | (Okawaru gifted it to you in the Dungeon)
  3623 | D        | Noticed Saint Roka
  3657 | D        | Killed Saint Roka
  3657 | D        | Received a gift from Okawaru
  3657 | D        | Reached skill level 5 in Dodging
  3857 | D        | Noticed Donald
  3873 | D        | Killed Donald
  4288 | D        | Noticed a nagaraja
  4288 | D        | Noticed a naga warrior
  4294 | D        | Killed a naga warrior
  4308 | D        | Killed a nagaraja
  4648 | D        | Reached XP level 14. HP: 131/131 MP: 16/16
  5117 | D        | Received a gift from Okawaru
  5130 | D        | HP: 3/133 [17-headed hydra (12)]
  5131 | D        | Slain by a 17-headed hydra

Illustrated notes

Levels and vault maps discovered:
D:        linesprint [early_d, line_temple, items_1, d_10, items_2, lair_1,
          lair_end, items_3, orc_1, orc_end, items_4, d_15, swamp_1, shoals_1,
          snake_1, spider_1, d_20, vaults_1, items_5, swamp_end, shoals_end,
          snake_end, spider_end, vaults_end, d_27, items_6, zot_1, zot_end,
          crypt_end, forest_end, elf_end, slime_end, tomb_end, abyss_end,
          pan_hell_end]

Skill      XL: |  1  2  3  4  5  6  7  8  9 10 11 12 13 14 |
---------------+-------------------------------------------+-----
Shields        | 5 6 9 10 11 12 13 15 16 18 19 | 19.5
Fighting       | 4 6 8 9 10 11 12 14 16 18 19 | 19.4
Staves         | 3 5 8 9 12 13 15 16 17 18 19 | 19.4
Armour         | 4 5 7 8 9 10 11 12 13 14 | 14.1
Dodging        | 1 2 3 4 6 7 |  7.2
Evocations     | 1 2 3 4 5 |  5.2
Invocations    | 1 2 3 |  3.7
Stealth        | 1 9 10 11 | 11.4

Action                   |  1- 3 |  4- 6 |  7- 9 | 10-12 | 13-15 || total
-------------------------+-------+-------+-------+-------+-------++-------
Melee: Quarterstaff      |    31 |    12 |    81 |   381 |    22 ||   527
       Lajatang          |       |       |       |       |   215 ||   215
Invok: Heroism           |       |       |     1 |     3 |     1 ||     5
Evoke: Wand              |       |     1 |     2 |     7 |       ||    10
  Use: Potion            |     1 |       |     2 |     5 |     7 ||    15
       Scroll            |       |       |       |     1 |     1 ||     2
 Stab: Invisible         |       |       |       |     9 |       ||     9
       Distracted        |       |       |       |       |     1 ||     1
Armor: Scale mail        |    11 |     1 |       |     6 |    82 ||   100
       Chain mail        |       |     1 |    16 |    30 |       ||    47
Dodge: Dodged            |    11 |     1 |    14 |    36 |   104 ||   166
Block: Kite shield       |    22 |     2 |    20 |   102 |   168 ||   314

Table legend: (Time is in decaauts)
 A = Elapsed time spent in this place.
 B = Non-inter-level travel time spent in this place.
 C = Inter-level travel time spent in this place.
 D = Time resting spent in this place.
 E = Time spent auto-exploring this place.
 F = Levels seen in this place.
 G = Mean time per level.
                   A        B        C        D        E       F      G
               +--------+--------+--------+--------+--------+-----+--------+
         Total |   4782 |   4782 |      0 |   3111 |     56 |   1 | 4782.0 |
       Dungeon |   4782 |   4782 |      0 |   3111 |     56 |   1 | 4782.0 |
               +--------+--------+--------+--------+--------+-----+--------+

Top non-repeatable levels by time:
       D: 4782 daAuts
